[ PARTIDA AOE2 · #504673039 ]
UnrankedTeutones vs Shu
Equipo del jugador · DERR
Equipo rival · VICT
[ ANÁLISIS DE REPETICIÓN · EXTRAÍDO DE LA PARTIDA GRABADA ]
Feudal
9:46
Castillos
—
Imperial
—
| APM promedio | 73.2 |
| APM pico | 120 |
| eAPM promedio | 30.2 |
| Aldeanos / militares | 46 / 0 |
Foco
⚔️ 29.2% · 🌾 70.8%
Feudal
10:29
Castillos
18:14
Imperial
—
| APM promedio | 46.2 |
| APM pico | 94 |
| eAPM promedio | 25.5 |
| Aldeanos / militares | 44 / 0 |
Foco
⚔️ 26.0% · 🌾 74.0%
Unknown (1962) ×6
Mapa de la partida
Recursos iniciales + cada clic de construcción. Líneas = muros · curvas = relieve. ◆ oro · ⬟ piedra · ● bayas · ✦ reliquia · ◌ hueco del cierre
Tu base· Abierta — flanco sin cerrar
Base de BuhoBit· Abierta — flanco sin cerrar
Terreno inicial suavizado · ◌ = hueco del cierre detectado · pasá el cursor para detalles
Inputs por minuto
— Gandalfff - - BuhoBit
Build order — Gandalfff
88 acciones detectadas en el replay
| 0:01 | Encolar | Villager (Male) |
| 0:01 | Encolar | Villager (Male) |
| 0:01 | Encolar | Villager (Male) |
| 0:02 | Construir | House |
| 0:03 | Construir | House |
| 0:13 | Encolar | Villager (Male) |
| 0:13 | Encolar | Villager (Male) |
| 1:24 | Encolar | Villager (Male) |
| 1:24 | Encolar | Villager (Male) |
| 1:45 | Construir | Lumber Camp |
| 2:04 | Encolar | Villager (Male) |
| 2:04 | Encolar | Villager (Male) |
| 2:23 | Encolar | Villager (Male) |
| 2:23 | Encolar | Villager (Male) |
| 2:55 | Encolar | Villager (Male) |
| 2:55 | Encolar | Villager (Male) |
| 3:46 | Encolar | Villager (Male) |
| 3:57 | Construir | Mill |
| 4:15 | Encolar | Villager (Male) |
| 4:15 | Encolar | Villager (Male) |
| 4:46 | Construir | House |
| 4:46 | Investigar | Loom |
| 5:08 | Encolar | Villager (Male) |
| 5:25 | Encolar | Villager (Male) |
| 6:01 | Encolar | Villager (Male) |
| 6:38 | Encolar | Villager (Male) |
| 7:10 | Encolar | Villager (Male) |
| 7:36 | Investigar | Feudal Age |
| 7:36 | Investigar | Feudal Age |
| 7:41 | Construir | Mining Camp |
| 8:41 | Encolar | Villager (Male) |
| 8:54 | Construir | House |
| 9:12 | Construir | House |
| 9:13 | Encolar | Villager (Male) |
| 9:46 | Edad | Edad Feudal |
| 9:49 | Construir | Watch Tower |
| 10:00 | Encolar | Villager (Male) |
| 10:01 | Encolar | Villager (Male) |
| 10:44 | Encolar | Villager (Male) |
| 10:48 | Encolar | Villager (Male) |
| 11:30 | Encolar | Villager (Male) |
| 12:02 | Construir | Watch Tower |
| 12:06 | Encolar | Villager (Male) |
| 12:57 | Encolar | Villager (Male) |
| 12:58 | Encolar | Villager (Male) |
| 13:25 | Construir | Mining Camp |
| 13:38 | Encolar | Villager (Male) |
| 13:40 | Encolar | Villager (Male) |
| 13:44 | Encolar | Villager (Male) |
| 13:47 | Encolar | Villager (Male) |
| 13:58 | Construir | Watch Tower |
| 14:20 | Encolar | Villager (Male) |
| 14:28 | Construir | Watch Tower |
| 14:35 | Construir | Palisade Gate |
| 14:52 | Construir | Palisade Gate |
| 15:21 | Construir | Palisade Wall |
| 15:31 | Encolar | Villager (Male) |
| 15:32 | Encolar | Villager (Male) |
| 15:38 | Construir | Watch Tower |
| 15:44 | Encolar | Villager (Male) |
| 15:49 | Construir | Blacksmith |
| 15:51 | Construir | House |
| 15:52 | Construir | House |
| 16:27 | Construir | Watch Tower |
| 16:30 | Encolar | Villager (Male) |
| 16:31 | Encolar | Villager (Male) |
| 16:34 | Encolar | Villager (Male) |
| 16:59 | Construir | Watch Tower |
| 17:12 | Construir | Watch Tower |
| 17:20 | Encolar | Villager (Male) |
| 17:53 | Construir | Watch Tower |
| 18:08 | Construir | Watch Tower |
| 18:15 | Construir | House |
| 18:27 | Encolar | Villager (Male) |
| 18:56 | Construir | Watch Tower |
| 19:06 | Construir | Farm |
| 19:06 | Construir | Farm |
| 19:08 | Construir | Farm |
| 19:08 | Construir | Farm |
| 19:09 | Construir | Farm |
| 19:09 | Construir | Farm |
| 19:09 | Construir | Farm |
| 19:09 | Construir | Farm |
| 19:34 | Construir | Palisade Wall |
| 19:36 | Construir | Stone Wall |
| 19:50 | Construir | Watch Tower |
| 20:05 | Encolar | Villager (Male) |
| 20:16 | Encolar | Villager (Male) |
Build order — BuhoBit
73 acciones detectadas en el replay
| 0:01 | Encolar | Villager (Male) ×4 |
| 0:02 | Construir | House |
| 0:03 | Construir | House |
| 1:13 | Encolar | Villager (Male) |
| 1:13 | Encolar | Villager (Male) |
| 1:59 | Encolar | Villager (Male) |
| 2:00 | Encolar | Villager (Male) |
| 2:07 | Encolar | Villager (Male) |
| 2:07 | Encolar | Villager (Male) |
| 2:14 | Construir | Lumber Camp |
| 2:46 | Encolar | Villager (Male) |
| 2:47 | Encolar | Villager (Male) |
| 3:04 | Encolar | Villager (Male) |
| 3:05 | Encolar | Villager (Male) |
| 3:40 | Encolar | Villager (Male) |
| 3:40 | Encolar | Villager (Male) |
| 3:52 | Encolar | Villager (Male) |
| 3:52 | Encolar | Villager (Male) |
| 4:06 | Encolar | Villager (Male) |
| 4:06 | Encolar | Villager (Male) |
| 4:39 | Construir | House |
| 4:42 | Investigar | Loom |
| 4:51 | Construir | House |
| 5:10 | Encolar | Villager (Male) |
| 5:10 | Encolar | Villager (Male) |
| 5:10 | Encolar | Villager (Male) |
| 5:38 | Construir | Mill |
| 6:14 | Encolar | Villager (Male) |
| 6:14 | Encolar | Villager (Male) |
| 6:15 | Encolar | Villager (Male) |
| 6:48 | Encolar | Villager (Male) |
| 6:48 | Encolar | Villager (Male) |
| 7:42 | Encolar | Villager (Male) |
| 8:00 | Investigar | Feudal Age |
| 10:29 | Edad | Edad Feudal |
| 11:08 | Encolar | Villager (Male) |
| 11:08 | Encolar | Villager (Male) |
| 11:19 | Encolar | Villager (Male) |
| 11:19 | Encolar | Villager (Male) |
| 11:25 | Encolar | Villager (Male) |
| 11:25 | Encolar | Villager (Male) |
| 11:59 | Construir | Market |
| 12:11 | Encolar | Villager (Male) |
| 12:12 | Encolar | Villager (Male) |
| 12:38 | Encolar | Villager (Male) |
| 13:21 | Construir | Blacksmith |
| 13:21 | Encolar | Villager (Male) |
| 13:32 | Construir | House |
| 13:41 | Construir | House |
| 13:52 | Investigar | Castle Age |
| 13:53 | Investigar | Castle Age |
| 13:57 | Construir | House |
| 14:04 | Construir | Palisade Wall |
| 14:25 | Construir | Palisade Wall |
| 14:58 | Construir | Mining Camp |
| 16:33 | Construir | House |
| 16:35 | Construir | House |
| 16:42 | Construir | Lumber Camp |
| 16:51 | Construir | Farm |
| 16:53 | Construir | Farm |
| 18:03 | Construir | House |
| 18:14 | Edad | Edad de los Castillos |
| 18:25 | Construir | Siege Workshop |
| 18:32 | Construir | Farm |
| 18:41 | Encolar | Unit 1962 ×3 |
| 18:41 | Encolar | Unit 1962 ×3 |
| 18:55 | Construir | Mining Camp |
| 19:09 | Investigar | Town Watch |
| 20:06 | Encolar | Villager (Male) |
| 20:06 | Encolar | Villager (Male) |
| 20:06 | Encolar | Villager (Male) |
| 21:05 | Encolar | Villager (Male) |
| 21:06 | Encolar | Villager (Male) |
Cronología de la partida
| 9:46 | Gandalfff · age_up feudal |
| 10:29 | BuhoBit · age_up feudal |
| 13:51 | BuhoBit · first_market_sell 100 stone |
| 14:04 | BuhoBit · wall_segment Palisade Wall x8 |
| 14:25 | BuhoBit · wall_segment Palisade Wall x5 |
| 15:21 | Gandalfff · wall_segment Palisade Wall x1 |
| 18:14 | BuhoBit · age_up castle |
| 18:25 | BuhoBit · first_building Siege Workshop |
| 19:34 | Gandalfff · wall_segment Palisade Wall x1 |
| 19:36 | Gandalfff · wall_segment Stone Wall x1 |
| 21:12 | Gandalfff · resign |
[ ANÁLISIS IA · 1 CRÉDITO ]
¿Qué pasó realmente en esta partida?
Wolo.gg analiza cada decisión: build order, eco, micro, errores típicos por bracket. Análisis personalizado por WhatsApp o Discord en 30 segundos.
Guía civ
Teutones
Perfil
Jugador #23065880